Map: Whirlwind LE (Void)

Players

Loirid

  • Race: Zerg Zerg
  • League: Diamond
  • Spawn Location: 11:00

Musumeci - Winner!

  • Race: Zerg Zerg
  • League: Diamond
  • Spawn Location: 7:00

VOD

Have the link to the VOD?

Description

Time

  • Played on: Jan. 24, 2017, 4:26 p.m.
  • Length: 8:25
Show
View Real Time Build Order
Export as new Build Order

Loirid Zerg 

Build Orders: Pool First 

Get SALT Encoding   

  12  0:01  Drone  
  13  0:13  Overlord  
  13  0:17  Drone  
  14  0:35  Drone x3  
  17  0:47  Spawning Pool  
  17  0:49  Extractor  
  15  0:50  Drone  
  15  0:56  Drone  
  17  1:17  Hatchery  
  16  1:33  Zergling x2  
  16  1:34  Zergling x4  
  19  1:41  Queen  
  21  1:51  Zergling x2  
  22  2:02  Metabolic Boost  
  22  2:13  Overlord  
  21  2:42  Zergling x8  
  21  2:43  Zergling x2  
  26  2:44  Baneling Nest  
  26  2:51  Zergling x2  
  26  2:55  Zergling x2  
  26  2:56  Zergling x4  
  29  3:00  Zergling x2  
  30  3:08  Zergling x4  
  33  3:12  Zergling x2  
  33  3:18  Zergling x2  
  34  3:26  Zergling x2  
  35  3:30  Baneling  
  35  3:31  Baneling x3  
  35  3:34  Overlord  
  31  4:01  Zergling x12  
  33  4:09  Zergling x4  
  31  4:19  Zergling x4  
  31  4:21  Zergling x2  
  32  4:31  Zergling x4  
  32  4:38  Zergling x4  
  34  4:43  Zergling x2  
  30  4:47  Zergling x2  
  30  4:51  Zergling x2  
  28  4:55  Zergling x2  
  28  5:10  Zergling x6  
  30  5:18  Zergling x2  
  30  5:19  Zergling x2  
  30  5:21  Zergling x2  
  30  5:27  Zergling x2  
  27  5:39  Zergling x4  
  28  5:47  Zergling x2  
  28  5:48  Zergling x2  
  30  6:01  Zergling x4  
  30  6:03  Zergling x2  
  29  6:10  Zergling x2  
  30  6:17  Zergling x6  
  32  6:20  Zergling x2  
  32  6:21  Zergling x2  
  27  6:28  Baneling, Zergling x2  
  27  6:31  Zergling x2  
  29  6:37  Zergling x2  
  30  6:40  Zergling x2  
  26  6:57  Zergling x2  
  26  6:58  Zergling x4  
  28  7:07  Zergling x6  
  31  7:11  Zergling x4  
  22  7:23  Zergling x4  
  12  7:37  Drone  
  13  7:44  Baneling  
  13  8:11  Drone x3  
Show
View Real Time Build Order
Export as new Build Order

Musumeci Zerg - Winner!

Build Orders: Hatch First 

Get SALT Encoding   

  12  0:13  Drone x2  
  14  0:18  Drone, Extractor  
  15  0:43  Hatchery  
  14  0:51  Drone, Extractor  
  15  1:07  Evolution Chamber  
  14  1:11  Extractor  
  14  1:12  Drone  
  14  1:13  Spawning Pool  
  14  1:17  Drone  
  14  1:25  Overlord  
  14  1:38  Drone, Extractor  
  14  1:44  Drone  
  16  1:48  Drone  
  17  2:00  Spine Crawler, Zergling x2  
  17  2:01  Zergling x2  
  18  2:06  Queen  
  21  2:09  Zergling x2  
  22  2:16  Metabolic Boost  
  22  2:35  Zergling x10  
  27  2:55  Queen, Baneling Nest  
  28  3:01  Overlord  
  28  3:26  Zergling x12  
  32  3:44  Baneling x2  
  32  3:46  Zergling x8  
  23  4:02  Zergling x2  
  23  4:03  Zergling x6  
  26  4:13  Zergling x4  
  26  4:18  Baneling x2  
  26  4:20  Zergling x2  
  26  4:33  Queen  
  27  4:43  Baneling x2  
  26  4:47  Zergling x6  
  25  4:59  Zergling x6  
  26  5:08  Baneling x2  
  25  5:18  Baneling  
  25  5:20  Zergling x8  
  24  5:38  Zergling x8  
  24  5:42  Baneling x2  
  28  5:53  Zergling x6  
  31  6:01  Drone x2  
  32  6:14  Baneling  
  30  6:27  Zergling x10  
  30  6:28  Zergling x2  
  36  6:52  Baneling  
  33  7:03  Zergling x2  
  33  7:04  Zergling x10  
  22  7:39  Zergling x6  
  25  7:46  Baneling  
  25  7:47  Baneling  
  25  7:49  Baneling  
  25  7:50  Overlord  
Tags
 
Add a new tag
Caveats
  • Supply blocks, unpowered buildings, or Contaminate may cause inaccurate times.
  • Supply counts are checked every 10 seconds.